 Dungeon Crawl Stone Soup version 0.29.0-4-gdea44cf6ec (webtiles) character file.

Game seed: 2082951430799692954

37 qw the Chopper (level 3, 0/21 HPs)
             Began as a Tengu Warper on Aug 28, 2022.
             Succumbed to an adder's poison
             ... on level 2 of the Dungeon.
             The game lasted 00:00:06 (595 turns).

qw the Chopper (Tengu Warper)                        Turns: 595, Time: 00:00:06

Health: 0/21       AC:  3    Str: 13    XL:     3   Next: 39%
Magic:  7/7        EV: 12    Int: 13    God:
Gold:   14         SH:  0    Dex: 13    Spells: 6/6 levels left

rFire   . . .      SeeInvis .   Y - +0 war axe
rCold   . . .      Faith    .   (no shield)
rNeg    . . .      Spirit   .   b - +0 leather armour
rPois   .          Reflect  .   (helmet restricted)
rElec   .          Harm     .   (no cloak)
rCorr   .          Rampage  .   (no gloves)
Will    .....                   (boots unavailable)
Stlth   +.........              (no amulet)
HPRegen 0.07/turn               (no ring)
MPRegen 0.10/turn               (no ring)

@: lethally poisoned (0 -> -3)
A: beak, talons 3
a: no special abilities


You were on level 2 of the Dungeon.
You visited 1 branch of the dungeon, and saw 2 of its levels.

You collected 14 gold pieces.


Innate Abilities, Weirdness & Mutations

You have a beak for a mouth.
You have claws for feet.


   Skills:
 - Level 2.0 Fighting
 + Level 4.1 Axes
 - Level 1.0 Throwing
 - Level 1.1 Armour
 - Level 2.1 Dodging
 - Level 2.0 Spellcasting
 - Level 2.4 Translocations


You had 6 spell levels left.
You didn't know any spells.
Your spell library contained the following spells:

 Spells                   Type           Power      Damage    Failure   Level
 Blink                    Tloc           14%        N/A       19%         2
 Gell's Gravitas          Tloc           7%         N/A       36%         3
 Lesser Beckoning         Tloc           7%         N/A       36%         3
 Teleport Other           Tloc           7%         N/A       36%         3
 Manifold Assault         Tloc           7%         N/A       98%         5

Inventory:

Hand Weapons
 j - a +0 whip
 Y - a +0 war axe (weapon)
Missiles
 g - 2 boomerangs (quivered)
Armour
 b - a +0 leather armour (worn)
Jewellery
 d - a ring of ice
Scrolls
 a - a scroll of identify

Dungeon Overview and Level Annotations

Branches:
Dungeon (2/15)

Altars:


Message History

You hit the bat.
You kill the bat!
You closely miss the kobold.
An adder comes into view.
The kobold hits you with a +0 whip.
You barely miss the kobold. The kobold barely misses you.
The jackal bites you but does no damage.
You hit the jackal.
The jackal is severely wounded.
You barely miss the kobold.
The jackal bites you but does no damage.
The kobold hits you with a +0 whip. The jackal barely misses you.
The kobold hits you but does no damage.
You slash the jackal!
You kill the jackal!
You closely miss the kobold. The kobold misses you.
The adder closely misses you.
You closely miss the adder. You hit the kobold. The adder barely misses you.
The kobold hits you with a +0 whip.
You barely miss the kobold. You claw the kobold.
You kill the kobold!
You hit the adder. The adder completely misses you.
The adder barely misses you.
You closely miss the adder. Your kick misses the adder.
The adder is moderately wounded.
The adder bites you but does no damage. The adder barely misses you.
You closely miss the adder.
The adder is moderately wounded.
The adder misses you. The adder bites you.
You are lethally poisoned!
The adder poisons you!
You slash the adder! You claw the adder.
You kill the adder!
You feel sick.
Your Axes skill increases to level 4!
There is a lethal amount of poison in your body!
You feel sick.
There is a lethal amount of poison in your body!
You die...

#.# #:.#..# ##..
###..##.#
....##....# .#
#.......#:##.#
#..#.........#..
#......#.h...)..#
.##....##.#.#.#
#"##.# .....
#@##.# ##..#.
#)%..# ..#
.......# ...
..#.#..... .. ...
.##...? .... ..
.... #.... .. ##.
#.... ...


There were no monsters in sight!

Vanquished Creatures
  A gnoll (D:1)
  An adder (D:2)
  An endoplasm (D:1)
  A giant cockroach (D:2)
  A goblin (D:1)
  2 jackals (D:2)
  4 kobolds
  2 ball pythons
  3 bats
  2 frilled lizards (D:1)
  A rat (D:1)
19 creatures vanquished.

Vanquished Creatures (others)
  6 fungi (D:1)
  8 plants (D:1)
  A withered plant (D:1)
15 creatures vanquished.

Grand Total: 34 creatures vanquished

Notes
Turn   | Place    | Note
-------+----------+-------------------------------------------
     0 | D:1      | qw the Tengu Warper began the quest for the Orb.
     0 | D:1      | Reached XP level 1. HP: 12/12 MP: 4/4
     0 | D:1      | 0 ||| qw: Version: 0.1-a-89-g26bdef1
     0 | D:1      | 0 ||| qw: Game counter: 1931
     0 | D:1      | 0 ||| qw: Always use a shield: true
     0 | D:1      | 0 ||| qw: God list: Okawaru
     0 | D:1      | 0 ||| qw: Allow faded altars: false
     0 | D:1      | 0 ||| qw: Do Orc after D:15 true
     0 | D:1      | 0 ||| qw: Do second Lair branch before Depths: true
     0 | D:1      | 0 ||| qw: Lair rune preference: random
     0 | D:1      | 0 ||| qw: Plans: Normal
     0 | D:1      | 0 ||| PLANNING D:1-11
    46 | D:1      | Found a faded altar of an unknown god.
    64 | D:1      | Reached skill level 3 in Axes
    64 | D:1      | Reached XP level 2. HP: 13/17 MP: 6/6
   146 | D:1      | 146 ||| SWAPPING to +0 war axe.
   149 | D:1      | 149 ||| DROPPING +0 hand axe.
   453 | D:1      | 453 ||| DROPPING +0 club.
   462 | D:1      | 462 ||| READING scroll labelled GIELIRAFUNN.
   463 | D:1      | 463 ||| READING scroll labelled SOF ODWUSMIT.
   464 | D:1      | 464 ||| READING scroll labelled KELLICH WYTZE.
   465 | D:1      | 465 ||| DROPPING scroll of blinking.
   544 | D:2      | 544 ||| Stepping ~*~*~tactically~*~*~ (stealth).
   545 | D:2      | 545 ||| Stepping ~*~*~tactically~*~*~ (stealth).
   572 | D:2      | 572 ||| Stepping ~*~*~tactically~*~*~ (stealth).
   575 | D:2      | Reached XP level 3. HP: 21/21 MP: 7/7
   575 | D:2      | 575 ||| Stepping ~*~*~tactically~*~*~ (stealth).
   576 | D:2      | 576 ||| Stepping ~*~*~tactically~*~*~ (stealth).
   592 | D:2      | HP: 4/21 [adder (3)]
   594 | D:2      | Reached skill level 4 in Axes
   594 | D:2      | HP: 1/21 [poisoned by an adder]
   595 | D:2      | Succumbed to an adder's poison

Levels and vault maps discovered:
D:1:      dpeg_arrival_water_temple_mockup, layout_rooms,
          shapermc_ecumenical_altar_gd
D:2:      layout_rooms, kennysheep_generic_room_12

Skill      XL: |  1  2  3 |
---------------+----------+-----
Axes           | 3 4 |  4.1
Fighting       | |  2.0
Throwing       | |  1.0
Armour         | |  1.1
Dodging        | |  2.1
Spellcasting   | |  2.0
Translocations | |  2.4

Action                   || total
-------------------------++-------
Melee: Hand axe          ||     3
       Kick              ||     8
       War axe           ||    24
       Peck              ||     1
Throw: Boomerang         ||    26
  Use: Scroll            ||     3
Armor: Leather armour    ||    14
Dodge: Dodged            ||    27

Table legend:
 A = Non-vault XP
 B = Vault XP
 C = Vault XP percentage of total XP
 D = Non-vault monster count
 E = Vault monster count
 F = Vault count percentage of total count
                 A         B        C        D         E       F
            +---------+---------+-------+---------+---------+-------
      Total |      53 |       0 |   0.0 |      19 |       0 |   0.0
            +---------+---------+-------+---------+---------+-------
        D:1 |      29 |       0 |   0.0 |      12 |       0 |   0.0
        D:2 |      24 |       0 |   0.0 |       7 |       0 |   0.0
            +---------+---------+-------+---------+---------+-------
